 Dungeon Crawl Stone Soup version 0.29.1-12-g30fa7ad0bf (webtiles) character file.

Game seed: 12948816374171039491

160 wormed the Ruffian (level 5, -3/49 HPs)
             Began as a Troll Gladiator on Dec 23, 2022.
             Slain by Grinder (7 damage)
             ... while paralysed by Grinder
             ... on level 3 of the Dungeon.
             The game lasted 00:02:08 (1548 turns).

wormed the Ruffian (Troll Gladiator)                Turns: 1548, Time: 00:02:08

Health: -3/49      AC:  4    Str: 24    XL:     5   Next: 17%
Magic:  4/4        EV:  1    Int:  4    God:
Gold:   122        SH:  0    Dex: 11    Spells: 4/4 levels left

rFire   . . .      SeeInvis .     - Unarmed
rCold   . . .      Faith    .   (no shield)
rNeg    . . .      Spirit   .   a - +0 robe
rPois   .          Reflect  .   b - +0 hat
rElec   .          Harm     .   (no cloak)
rCorr   .          Rampage  .   (gloves unavailable)
Will    .....                   (boots unavailable)
Stlth   +.........              (no amulet)
HPRegen 0.96/turn               (no ring)
MPRegen 0.09/turn               (no ring)

@: paralysed
A: large, unfitting armour, claws 3, regeneration 1, shaggy fur 1, tough skin 1
a: no special abilities


You were on level 3 of the Dungeon.
You visited 1 branch of the dungeon, and saw 3 of its levels.

You collected 122 gold pieces.

Inventory:

Missiles
 c - 3 throwing nets
 d - a large rock (quivered)
Armour
 a - a +0 robe (worn)
 b - a +0 hat (worn)
Jewellery
 k - a +6 ring of strength
Scrolls
 e - 2 scrolls of teleportation {unknown}
 f - 3 scrolls of identify {unknown}
 g - a scroll of enchant armour {unknown}
 n - a scroll of immolation {unknown}
 o - a scroll of poison {unknown}
 p - a scroll of blinking {unknown}
 q - a scroll of fear {unknown}
Potions
 h - a potion of cancellation {unknown}
 i - a potion of might {unknown}
 j - 2 potions of curing {unknown}
 l - a potion of brilliance {unknown}
 m - a potion of resistance {unknown}
 r - a potion of degeneration {unknown}


   Skills:
 + Level 2.2 Fighting
 + Level 2.5 Throwing
 + Level 1.3 Armour
 + Level 2.9 Dodging
 * Level 4.2 Unarmed Combat


You had 4 spell levels left.
You didn't know any spells.
Your spell library contained the following spells:

 Spells                   Type           Power      Damage    Failure   Level
 Frozen Ramparts          Ice            0%         1d1       86%         3
 Ice Form                 Ice/Tmut       0%         N/A       99%         4
 Summon Ice Beast         Ice/Summ       0%         N/A       99%         4


Dungeon Overview and Level Annotations

Branches:
Dungeon (3/15)

Altars:

Shops:
D:2 (

Annotations:
D:3 Grinder


Innate Abilities, Weirdness & Mutations

You are too large for most types of armour.
You have claws for hands.
Your natural rate of healing is unusually fast.
You are covered in fur. (AC +1)
You have tough skin. (AC +1)


Message History

The orc is severely wounded.
The orc hits you but does no damage.
You claw the orc!
You kill the orc!
You scratch Grinder but do no damage. Grinder hits you but does no damage.
You closely miss Grinder. Grinder hits you.
You scratch Grinder.
Grinder is lightly wounded.
Grinder hits you!
You writhe in agony.
You claw Grinder!
Grinder is moderately wounded.
Grinder grins, showing sharp teeth.
Grinder hits you!
You are too injured to fight recklessly!
You are too injured to fight recklessly!
You scratch Grinder.
Grinder is heavily wounded.
Grinder hits you.
You closely miss Grinder.
Grinder is heavily wounded.
Grinder closely misses you.
You scratch Grinder.
Grinder is heavily wounded.
Grinder hits you.
You writhe in agony.
You scratch Grinder.
Grinder is heavily wounded.
You barely miss Grinder.
Grinder is heavily wounded.
Grinder gestures at you.
You suddenly lose the ability to move!
Grinder hits you.
* * * LOW HITPOINT WARNING * * *
Grinder hits you.
* * * LOW HITPOINT WARNING * * *
Grinder hits you!
* * * LOW HITPOINT WARNING * * *
You writhe in agony.
* * * LOW HITPOINT WARNING * * *
Grinder hits you!
You die...

...................+.........+
....#########...####.......(.#
.#### ##.## ##.......## .# #.#
##.....## .## #.# ##...## ..#
#.# ##'## #.# #.### ###.#####
#.# #...# #.......# #.# ###@#
#.#.###.# #.# #5# #....## #
#.# ... #.....#.## #.# ##..#
##......... ..#
#..###.....##.## ###
#......#...##.#
##.###........# .# ####.#####
### #.#


You could see Grinder.

Vanquished Creatures
  3 adders
  6 gnolls
  2 worms
  3 dart slugs
  An orc (D:3)
  3 bats
  7 endoplasms
  2 giant cockroaches (D:1)
  8 goblins
  3 hobgoblins (D:1)
  4 jackals (D:1)
  8 kobolds
  2 quokkas (D:1)
  3 ball pythons
  3 frilled lizards
  7 rats
65 creatures vanquished.

Notes
Turn   | Place    | Note
-------+----------+-------------------------------------------
     0 | D:1      | wormed the Troll Gladiator began the quest for the Orb.
     0 | D:1      | Reached XP level 1. HP: 19/19 MP: 0/0
   110 | D:1      | Reached XP level 2. HP: 28/28 MP: 1/1
   422 | D:1      | Reached XP level 3. HP: 24/35 MP: 2/2
   634 | D:2      | Reached XP level 4. HP: 42/42 MP: 3/3
   817 | D:2      | Found Qiluapet's Antique Weapon Shop.
   825 | D:2      | Reached skill level 1 in Armour
   828 | D:2      | Reached skill level 4 in Unarmed Combat
  1051 | D:2      | Found a faded altar of an unknown god.
  1397 | D:3      | Reached XP level 5. HP: 41/49 MP: 4/4
  1530 | D:3      | Noticed Grinder
  1544 | D:3      | Paralysed by Grinder for 4 turns
  1548 | D:3      | Slain by Grinder

Illustrated notes

Levels and vault maps discovered:
D:1:      saegor_arrival_simple_c, layout_basic, hangedman_decor_slide_cut,
          st_stairs_13, nicolae_wormholes
D:2:      layout_basic, basic_ecumenical_altar, serial_shops, shop,
          minmay_tetromino_s2
D:3:      layout_loops_corners, doesnt_xom_only_xom, serial_shops, shop,
          uniq_grinder

Skill      XL: |  1  2  3  4 |
---------------+-------------+-----
Throwing       | 2 |  2.5
Fighting       | 2 |  2.2
Armour         | 1 |  1.3
Unarmed Combat | 4 |  4.2
Dodging        | |  2.9

Action                   |  1- 3 |  4- 6 || total
-------------------------+-------+-------++-------
Melee: Unarmed           |    93 |    66 ||   159
 Stab: Sleeping          |     3 |     1 ||     4
Armor: Robe              |    26 |     8 ||    34
Dodge: Dodged            |    37 |    23 ||    60
